 Dungeon Crawl Stone Soup version 0.17.0-23-g0de4337 (console) character file.

98 nht the Cudgeler (level 4, 0/60 HPs)
             Began as an Ogre Enchanter on Nov 14, 2015.
             Succumbed to an adder's poison
             ... on level 3 of the Dungeon.
             The game lasted 00:03:35 (1557 turns).

nht the Cudgeler (Ogre Enchanter)                   Turns: 1557, Time: 00:03:36

Health: 0/60       AC: 22    Str: 14    XL:     4   Next: 69%
Magic:  7/7        EV:  1    Int: 14    God:
Gold:   114        SH:  0    Dex: 15    Spells: 1 memorised, 6 levels left

rFire  . . .     SeeInvis .     m - +0 flail
rCold  . . .     Clarity  .     (armour currently unavailable)
rNeg   + + +     SustAt   .     (no shield)
rPois  +         Gourm    .     (helmet currently unavailable)
rElec  .         Spirit   .     (cloak currently unavailable)
rCorr  .         Warding  .     (gloves unavailable)
rMut   .         NoTele   +     (boots unavailable)
MR     .....                    (no amulet)
Stlth  ++++......               (no ring)
                                (no ring)

@: agile, lethally poisoned (0 -> -2), tree-form, not resistant to hostile
enchantments, stealthy
A: unfitting armour, (claws 0), (hooves 0), spit poison 1, (tough skin 0)
a: Spit Poison


You were on level 3 of the Dungeon.
You were very hungry.
You were a tree.
You visited 1 branch of the dungeon, and saw 3 of its levels.

You collected 114 gold pieces.

Inventory:

Hand Weapons
 m - a +0 flail (weapon)
Armour
 b - a +1 robe (melded)
Jewellery
 a - a cursed -3 ring of evasion {unknown}
Wands
 e - a wand of fireball (10)
 i - a wand of magic darts (20)
Scrolls
 h - 2 scrolls of teleportation {unknown}
 j - 3 scrolls of amnesia {unknown}
 k - a scroll of blinking {unknown}
Books
 c - a book of Maledictions

   Spells                             Type                      Level
   a - Corona                         Hexes                        1
   b - Ensorcelled Hibernation        Hexes/Ice                    2
   c - Confuse                        Hexes                        3
   d - Tukima's Dance                 Hexes                        3
   e - Dazzling Spray                 Conjuration/Hexes            3
Comestibles
 d - 2 bread rations
 f - 2 meat rations


   Skills:
 - Level 0.6 Fighting
   Level 0.5 Short Blades
 + Level 5.4 Maces & Flails
 - Level 1.7 Dodging
 - Level 2.4 Stealth
 - Level 2.4 Spellcasting
 - Level 2.1 Hexes


You had 6 spell levels left.
You knew the following spells:

 Your Spells              Type           Power        Failure   Level  Hunger
a - Corona                Hex            #......      12%         1    #......


Dungeon Overview and Level Annotations

Branches:
Dungeon (3/15)

Altars:
Vehumet

Annotations:
D:2 Sigmund


Innate Abilities, Weirdness & Mutations

You are too large for most types of armour.
((You have tough skin (AC +1).))
((You have sharp fingernails.))
((You have large cloven feet.))
You can spit weak poison.


Message History

The adder is severely wounded.
You feel sick. The adder bites you.
* * * LOW HITPOINT WARNING * * *
You hit the adder.
The adder is severely wounded.
The adder bites you but does no damage. x2
You sock the adder!
You kill the adder!
* * * LOW HITPOINT WARNING * * *
You feel sick. The bat hits you but does no damage.
You closely miss the goblin.
* * * LOW HITPOINT WARNING * * *
You feel sick. The goblin hits you but does no damage.
You hit the goblin.
The goblin is almost dead.
The goblin hits you but does no damage.
Unknown command.
You hit the goblin.
The goblin is almost dead.
You die... █████████ ......... █...█...███ ..........█ █...█...█.█ .........b█ █ █████████g█ █████████

█♣█ ..█.....██ █.█
.........███████.█
.................█
..........████████
..........█
..........█
..........█
.........██
.(......██
█........█


You could see a goblin and a bat.

Vanquished Creatures
  7 adders
  A worm (D:3)
  2 giant geckos
  4 bats
  3 giant cockroaches
  2 goblins
  2 hobgoblins
  2 giant newts (D:2)
  3 kobolds
  4 rats
30 creatures vanquished.

Notes
Turn   | Place    | Note
--------------------------------------------------------------
     0 | D:1      | nht the Ogre Enchanter began the quest for the Orb.
     0 | D:1      | Reached XP level 1. HP: 16/16 MP: 3/3
    69 | D:1      | You fall through a shaft!
    96 | D:2      | Reached skill level 1 in Maces & Flails
   127 | D:2      | Found a radiant altar of Vehumet.
   183 | D:2      | Reached XP level 2. HP: 21/26 MP: 5/5
   708 | D:2      | Reached skill level 3 in Maces & Flails
   708 | D:2      | Reached XP level 3. HP: 17/32 MP: 6/6
   790 | D:2      | Noticed Sigmund
   799 | D:2      | Gained mutation: You have large cloven feet. [potion of mutation]
   799 | D:2      | Gained mutation: You have sharp fingernails. [potion of mutation]
   799 | D:2      | Gained mutation: You can spit weak poison. [potion of mutation]
   982 | D:3      | Reached skill level 4 in Maces & Flails
  1100 | D:3      | Reached XP level 4. HP: 15/40 MP: 7/7
  1376 | D:3      | Reached skill level 5 in Maces & Flails
  1552 | D:3      | HP: 2/60 [adder (3)]
  1557 | D:3      | Succumbed to an adder's poison

Action                   |  1- 3 |  4- 6 || total
-------------------------+-------+-------++-------
Melee: Dagger            |    28 |       ||    28
       Mace              |    74 |    23 ||    97
       Flail             |       |    22 ||    22
  Use: Potion            |     2 |     2 ||     4
 Stab: Sleeping          |     5 |       ||     5
  Eat: Chunk             |     1 |       ||     1
